 Dungeon Crawl Stone Soup version 0.30.1-4-g462c640d31 (webtiles) character file.

Game seed: 142142720553527218

4 hilljack the Caller (level 1, -1/13 HPs)
             Began as a Gnoll Summoner on Aug 13, 2023.
             Slain by a quokka (4 damage)
             ... on level 1 of the Dungeon.
             The game lasted 00:00:43 (161 turns).

hilljack the Caller (Gnoll Summoner)                 Turns: 161, Time: 00:00:43

Health: -1/13      AC:  2    Str:  7    XL:     1   Next: 70%
Magic:  5/6        EV: 13    Int: 14    God:
Gold:   17         SH:  0    Dex: 12    Spells: 8/9 levels left

rFire   . . .        (no weapon)
rCold   . . .        (no shield)
rNeg    . . .        a - +0 robe
rPois   .            (no helmet)
rElec   .            (no cloak)
rCorr   .            (no gloves)
SInv    .            (no boots)
Will    .....        (no amulet)
Stlth   ++           (no ring)
HPRegen 0.22/turn    (no ring)
MPRegen 0.10/turn

%: no passive effects
@: no status effects
A: fangs 1, strong nose, distributed training
a: no special abilities


You were on level 1 of the Dungeon.
You visited 1 branch of the dungeon, and saw 1 of its levels.

You collected 17 gold pieces.

Inventory:

Armour
 a - a +0 robe (worn)
Scrolls
 c - a scroll of identify {unknown}
Potions
 b - a potion of magic


   Skills:
 + Level 0.1 Fighting
 + Level 0.1 Short Blades
 + Level 0.1 Long Blades
 + Level 0.1 Axes
 + Level 0.1 Maces & Flails
 + Level 0.1 Polearms
 + Level 0.1 Staves
 + Level 0.1 Ranged Weapons
 + Level 0.1 Throwing
 + Level 0.1 Armour
 + Level 4.4 Dodging
 + Level 4.0 Stealth
 + Level 0.1 Shields
 + Level 0.1 Unarmed Combat
 + Level 4.9 Spellcasting
 + Level 0.1 Conjurations
 + Level 0.1 Hexes
 + Level 7.0 Summonings
 + Level 0.1 Necromancy
 + Level 0.1 Translocations
 + Level 0.1 Transmutations
 + Level 0.1 Fire Magic
 + Level 0.1 Ice Magic
 + Level 0.1 Air Magic
 + Level 0.1 Earth Magic
 + Level 0.1 Poison Magic
 + Level 0.2 Invocations
 + Level 0.1 Evocations


You had 8 spell levels left.
You knew the following spells:

 Your Spells              Type           Power      Damage    Failure   Level
a - Summon Small Mammal   Summ           92%        N/A       1%          1

Your spell library contained the following spells:

 Spells                   Type           Power      Damage    Failure   Level
 Call Imp                 Summ           46%        N/A       1%          2
 Call Canine Familiar     Summ           23%        N/A       3%          3
 Summon Guardian Golem    Hex/Summ       13%        N/A       12%         3
 Summon Lightning Spire   Summ/Air       13%        N/A       38%         4


Dungeon Overview and Level Annotations

Branches:
Dungeon (1/15)

Altars:


Innate Abilities, Weirdness & Mutations

You have very sharp teeth.
Your uncanny sense of smell can sniff out nearby items.
Your experience applies equally to all skills.


Message History

The bat hits you but does no damage.
Your quokka barely misses the bat.
The quokka bites you.
Your bat misses the bat. You closely miss the quokka.
Your bite misses the quokka.
Your bat hits the bat but does no damage.
The bat barely misses your bat.
The quokka bites you but does no damage.
Your quokka misses the bat. You hit the bat. Your bite misses the bat.
The bat is moderately wounded.
The bat misses you. The quokka closely misses you.
Your bat closely misses the quokka.
The bat hits your quokka.
You hit the quokka but do no damage.
Your bat barely misses the quokka.
The bat hits you but does no damage.
Your quokka closely misses the bat.
The quokka barely misses you.
You hit the bat.
The bat is severely wounded.
The bat completely misses you. The quokka bites you.
Your bat closely misses the quokka.
The quokka barely misses you.
You hit the quokka but do no damage.
Your bat barely misses the quokka.
Your bat hits the bat.
The bat dies!
The quokka barely misses you.
You closely miss the quokka.
Your quokka barely misses the quokka.
The quokka barely misses you.
Your bat closely misses the quokka.
You closely miss the quokka. Your bat hits the quokka.
The quokka closely misses you.
Your quokka barely misses the quokka.
You hit the quokka.
The quokka is severely wounded.
The quokka bites you.
Your quokka barely misses the quokka.
Your bat hits the quokka but does no damage.
You hit the quokka but do no damage.
The quokka is severely wounded.
Your bat barely misses the quokka.
The quokka bites you.
* * * LOW HITPOINT WARNING * * *
Your quokka barely misses the quokka.
Your bat barely misses the quokka.
Your quokka completely misses the quokka.
The quokka closely misses you.
You are too injured to fight recklessly!
The quokka attacks as you move away! The quokka bites you.
You die...

.# . ######### .#######.
........# >........
#........... ##......#
#..........# ........#
#.#......... .......r#
#.#.######.# .....br@#
#.# #.♣ ##......#####.#
#♣. #..........#.# ♣♣
#......###.#.# ♣♣♣♣# ♣
.......[......♣♣.....♣♣♣
########....#♣...♣ ♣....
#....#.♣♣♣♣#♣♣♣.∩
####.#.....#♣♣.).
#.#.###♣♣♣.♣♣♣


You could see a quokka (ally target), a friendly quokka (summoned) and a
friendly bat (summoned).

Vanquished Creatures (collateral kills)
  A dart slug (D:1)
  An endoplasm (D:1)
  A bat (D:1)
3 creatures vanquished.

Notes
Turn   | Place    | Note
-------+----------+-------------------------------------------
     0 | D:1      | hilljack the Gnoll Summoner began the quest for the Orb.
     0 | D:1      | Reached XP level 1. HP: 13/13 MP: 6/6
    68 | D:1      | Found a faded altar of an unknown god.
   161 | D:1      | Slain by a quokka

Illustrated notes

Levels and vault maps discovered:
D:1:      minmay_arrival_jagged, layout_basic,
          shapermc_ecumenical_altar_totnotflames

Action                     || total
---------------------------++-------
  Melee: Unarmed           ||    12
   Cast: Summon Small Mamm ||     5
 Armour: Robe              ||     4
  Dodge: Dodged            ||    11
